NCAA
MICHIGAN STATE SPARTANS @ TEXAS TECH RED RAIDERS
05/13/2029
 
TOP OF THE 1ST
Michigan State Spartans batting - Pitching for Texas Tech Red Raiders : RHP Mike Ritter
Pitching: RHP Mike Ritter
Batting: RHB Chris Marshall 0-0: Called Strike
0-1: SINGLE (Groundball, 56D)
Batting: LHB Chris Gibson 0-0: Foul Ball, location: 2F
0-1: Called Strike
0-2: Foul Ball, location: 2F
0-2: Strikes out swinging
Batting: LHB Norberto Garza 0-0: Fly out, F7 (Flyball, 7LS)
Lined into DP, 7-3 (Flyball, 7LS)
Top of the 1st over - 0 runs, 1 hit, 0 errors, 0 left on base; Michigan State 0 - Texas Tech 0
BOTTOM OF THE 1ST
Texas Tech Red Raiders batting - Pitching for Michigan State Spartans : LHP William Tatum
Pitching: LHP William Tatum
Batting: RHB Aaron Adams 0-0: Ground out 4-3 (Groundball, 4)
Batting: RHB Lorenzo Hernández 0-0: Called Strike
0-1: Ground out 6-3 (Groundball, 6)
Batting: LHB Kevin Hatcher 0-0: Called Strike
0-1: Ball
1-1: Foul Ball, location: 2F
1-2: Ball
2-2: Ball
3-2: Base on Balls
Batting: RHB Wayne Hanson 0-0: Called Strike
Kevin Hatcher steals 2nd base
0-1: Called Strike
0-2: Foul Ball, location: 2F
0-2: Fly out, F8 (Flyball, 8LM)
Bottom of the 1st over - 0 runs, 0 hits, 0 errors, 1 left on base; Michigan State 0 - Texas Tech 0
TOP OF THE 2ND
Michigan State Spartans batting - Pitching for Texas Tech Red Raiders : RHP Mike Ritter
Batting: LHB Carlos Anaya 0-0: Ball
1-0: Foul Ball, location: 2F
1-1: Ball
2-1: Ball
3-1: Base on Balls
Batting: RHB Bob Watson 0-0: Ball
1-0: Ball
2-0: Grounds into double play, 5-4-3 (Groundball, 5L)
Batting: LHB Larry Estes 0-0: Fly out, F9 (Flyball, 9D)
Top of the 2nd over - 0 runs, 0 hits, 0 errors, 0 left on base; Michigan State 0 - Texas Tech 0
BOTTOM OF THE 2ND
Texas Tech Red Raiders batting - Pitching for Michigan State Spartans : LHP William Tatum
Batting: LHB Marshall Dunn 0-0: Called Strike
0-1: SINGLE (Line Drive, 34)
Batting: RHB Bobby Santiago 0-0: Called Strike
0-1: Fly out, F8 (Flyball, 8LD)
Batting: RHB Júlio Gómez 0-0: Ball
1-0: Ball
2-0: Ball
3-0: Called Strike
3-1: Base on Balls
Marshall Dunn to second
Batting: SHB Manuel Hernández 0-0: Ball
1-0: Ball
2-0: Called Strike
2-1: Foul Ball, location: 2F
2-2: Ball
3-2: Foul Ball, location: 2F
3-2: Base on Balls
Marshall Dunn to third
Júlio Gómez to second
Batting: RHB Bob Hyde 0-0: SINGLE (Line Drive, 9LM)
Marshall Dunn scores
Júlio Gómez to third
Manuel Hernández to second
Batting: RHB Aaron Adams 0-0: Ball
1-0: Called Strike
1-1: Fly out, F3 (Line Drive, 34)
Lined into DP, U3 (Line Drive, 34)
Bottom of the 2nd over - 1 run, 2 hits, 0 errors, 2 left on base; Michigan State 0 - Texas Tech 1
TOP OF THE 3RD
Michigan State Spartans batting - Pitching for Texas Tech Red Raiders : RHP Mike Ritter
Batting: RHB Walt Owens 0-0: Ball
1-0: Foul Ball, location: 2F
1-1: SINGLE (Line Drive, 3)
Batting: SHB John Cunningham 0-0: Fielders Choice at 2nd, 3-6 (Groundball, 3)
Batting: LHB Culley Knapp 0-0: Ball
1-0: Swinging Strike
1-1: Ground out 3-1 (Groundball, 34S)
John Cunningham to second
Batting: RHB Chris Marshall 0-0: Ball
Wild Pitch!
John Cunningham to third
1-0: Swinging Strike
1-1: Ball
2-1: Ball
3-1: Base on Balls
Batting: LHB Chris Gibson 0-0: Fly out, F7 (Line Drive, 7)
Top of the 3rd over - 0 runs, 1 hit, 0 errors, 2 left on base; Michigan State 0 - Texas Tech 1
BOTTOM OF THE 3RD
Texas Tech Red Raiders batting - Pitching for Michigan State Spartans : LHP William Tatum
Batting: RHB Lorenzo Hernández 0-0: Foul Ball, location: 2F
0-1: Ball
1-1: Ball
2-1: Ball
3-1: Foul Ball, location: 2F
3-2: Base on Balls
Batting: LHB Kevin Hatcher 0-0: Fly out, F9 (Line Drive, 9S)
Batting: RHB Wayne Hanson 0-0: Ball
1-0: Foul Ball, location: 2F
1-1: Swinging Strike
1-2: Ball
2-2: Foul Ball, location: 2F
2-2: Ball
3-2: Strikes out swinging
Batting: LHB Marshall Dunn 0-0: SINGLE (Flyball, 89S)
Lorenzo Hernández to second
Batting: RHB Bobby Santiago 0-0: Foul Ball, location: 2F
0-1: Hit by Pitch
Lorenzo Hernández to third
Marshall Dunn to second
Batting: RHB Júlio Gómez 0-0: Foul Ball, location: 2F
0-1: Ball
1-1: Fielders Choice at 2nd, 5-4 (Groundball, 5)
Bottom of the 3rd over - 0 runs, 1 hit, 0 errors, 3 left on base; Michigan State 0 - Texas Tech 1
TOP OF THE 4TH
Michigan State Spartans batting - Pitching for Texas Tech Red Raiders : RHP Mike Ritter
Batting: LHB Norberto Garza 0-0: Ball
1-0: Ball
2-0: Ball
3-0: Base on Balls
Batting: LHB Carlos Anaya 0-0: Ground out 3-1 (Groundball, 34)
Norberto Garza to second
Batting: RHB Bob Watson 0-0: Ball
1-0: Ground out 5-3 (Groundball, 5)
Batting: LHB Larry Estes 0-0: Ball
1-0: Swinging Strike
1-1: Ball
2-1: Foul Ball, location: 2F
2-2: 2-RUN HOME RUN (Flyball, 7D), Distance : 362 ft
Batting: RHB Walt Owens 0-0: Ball
1-0: Called Strike
1-1: Ball
2-1: Ground out 4-3 (Groundball, 4)
Top of the 4th over - 2 runs, 1 hit, 0 errors, 0 left on base; Michigan State 2 - Texas Tech 1
BOTTOM OF THE 4TH
Texas Tech Red Raiders batting - Pitching for Michigan State Spartans : LHP William Tatum
Batting: SHB Manuel Hernández 0-0: Called Strike
0-1: Ball
1-1: SINGLE (Groundball, 6MD)
Batting: RHB Bob Hyde 0-0: Ball
1-0: Swinging Strike
1-1: Ball
2-1: DOUBLE (Line Drive, 9LM)
Manuel Hernández to third
Runner from 3rd tries for Home, SAFE, no throw
Batting: RHB Aaron Adams 0-0: Ball
1-0: Called Strike
1-1: SINGLE (Groundball, 6MD)
Bob Hyde to third
Batting: RHB Lorenzo Hernández 0-0: Ball
1-0: Called Strike
1-1: Foul Ball, location: 2F
1-2: Foul Ball, location: 2F
1-2: Fly out, F7 (Flyball, 78S)
Batting: LHB Kevin Hatcher 0-0: Ball
1-0: Foul Ball, location: 2F
1-1: Swinging Strike
1-2: Ball
2-2: Fly out, F3 (Line Drive, 3L)
Lined into DP, U3 (Line Drive, 3L)
Bottom of the 4th over - 1 run, 3 hits, 0 errors, 1 left on base; Michigan State 2 - Texas Tech 2
TOP OF THE 5TH
Michigan State Spartans batting - Pitching for Texas Tech Red Raiders : RHP Mike Ritter
Batting: SHB John Cunningham 0-0: Called Strike
0-1: Ball
1-1: Called Strike
1-2: DOUBLE (Line Drive, 9LM)
Batting: LHB Culley Knapp 0-0: Ball
1-0: Ground out 1-3 (Groundball, 13S)
John Cunningham to third
Batting: RHB Chris Marshall 0-0: Ball
1-0: Ball
2-0: Swinging Strike
2-1: Fly out, F5 (Popup, 56S)
Batting: LHB Chris Gibson 0-0: Called Strike
0-1: Ball
1-1: Foul Ball, location: 2F
1-2: Strikes out looking
Top of the 5th over - 0 runs, 1 hit, 0 errors, 1 left on base; Michigan State 2 - Texas Tech 2
BOTTOM OF THE 5TH
Texas Tech Red Raiders batting - Pitching for Michigan State Spartans : LHP William Tatum
Batting: RHB Wayne Hanson 0-0: Ball
1-0: Called Strike
1-1: Foul Ball, location: 2F
1-2: Strikes out swinging
Batting: LHB Marshall Dunn 0-0: Ball
1-0: Ball
2-0: SINGLE (Line Drive, 78M)
Pitching: LHP Martín Sandoval
Batting: RHB Bobby Santiago 0-0: Ball
1-0: Called Strike
1-1: Fly out, F5 (Line Drive, 5)
Batting: RHB Júlio Gómez 0-0: Ball
1-0: Swinging Strike
1-1: SINGLE (Line Drive, 89S)
Marshall Dunn to second
Batting: SHB Manuel Hernández 0-0: Foul Ball, location: 2F
0-1: Ball
1-1: Ball
2-1: Called Strike
2-2: Ball
3-2: Base on Balls
Marshall Dunn to third
Júlio Gómez to second
Batting: RHB Bob Hyde 0-0: Ball
1-0: Ball
2-0: Ball
3-0: Base on Balls
Marshall Dunn scores
Júlio Gómez to third
Manuel Hernández to second
Batting: RHB Aaron Adams 0-0: Ball
1-0: Ball
2-0: Called Strike
2-1: Foul Ball, location: 2F
2-2: Ball
3-2: Base on Balls
Júlio Gómez scores
Manuel Hernández to third
Bob Hyde to second
Batting: RHB Lorenzo Hernández 0-0: Ball
1-0: Swinging Strike
1-1: Ball
2-1: SINGLE (Flyball, 9LS)
Manuel Hernández scores
Bob Hyde to third
Aaron Adams to second
Runner from 3rd tries for Home, SAFE, throw made at trailing runner, OUT at third!
Bottom of the 5th over - 4 runs, 3 hits, 0 errors, 1 left on base; Michigan State 2 - Texas Tech 6
TOP OF THE 6TH
Michigan State Spartans batting - Pitching for Texas Tech Red Raiders : RHP Mike Ritter
Batting: LHB Norberto Garza 0-0: Ball
1-0: Swinging Strike
1-1: Ball
2-1: Ball
3-1: Fly out, F6 (Popup, 4MD)
Batting: LHB Carlos Anaya 0-0: Fly out, F8 (Flyball, 78D)
Batting: RHB Bob Watson 0-0: Ball
1-0: Ball
2-0: Ball
3-0: Base on Balls
Batting: LHB Larry Estes 0-0: Called Strike
0-1: Ball
1-1: Called Strike
1-2: Foul Ball, location: 2F
1-2: Foul Ball, location: 2F
1-2: Ball
2-2: Strikes out swinging
Top of the 6th over - 0 runs, 0 hits, 0 errors, 1 left on base; Michigan State 2 - Texas Tech 6
BOTTOM OF THE 6TH
Texas Tech Red Raiders batting - Pitching for Michigan State Spartans : LHP Martín Sandoval
Pitching: RHP Brian White
Batting: LHB Kevin Hatcher 0-0: Called Strike
0-1: Ball
1-1: Ball
2-1: Ball
3-1: Base on Balls
Batting: RHB Wayne Hanson 0-0: Ball
Kevin Hatcher steals 2nd base
1-0: Foul Ball, location: 2F
1-1: Called Strike
1-2: Ball
2-2: 2-RUN HOME RUN (Flyball, 78XD), Distance : 368 ft
Batting: LHB Marshall Dunn 0-0: Ball
1-0: Ball
2-0: Ball
3-0: Called Strike
3-1: Foul Ball, location: 2F
3-2: Base on Balls
Batting: RHB Bobby Santiago 0-0: Fielders Choice at 2nd, 1-6 (Groundball, P)
Batting: RHB Júlio Gómez 0-0: Called Strike
0-1: Ball
1-1: DOUBLE (Line Drive, 78D)
Bobby Santiago to third
Batting: SHB Manuel Hernández 0-0: Foul Ball, location: 2F
0-1: Ground out U3 (Groundball, 3L)
Batting: RHB Bob Hyde 0-0: Foul Ball, location: 2F
0-1: Foul Ball, location: 2F
0-2: Ground out 4-3 (Groundball, 4)
Bottom of the 6th over - 2 runs, 2 hits, 0 errors, 2 left on base; Michigan State 2 - Texas Tech 8
TOP OF THE 7TH
Michigan State Spartans batting - Pitching for Texas Tech Red Raiders : RHP Mike Ritter
Batting: RHB Walt Owens 0-0: Ball
1-0: Called Strike
1-1: Foul Ball, location: 2F
1-2: Ball
2-2: Ball
3-2: Foul Ball, location: 2F
3-2: Base on Balls
Pitching: RHP Jon Carlisle
Batting: SHB John Cunningham 0-0: Called Strike
0-1: Fly out, F8 (Flyball, 8LS)
Batting: LHB Culley Knapp 0-0: Called Strike
0-1: Called Strike
0-2: Foul Ball, location: 2F
0-2: Ball
1-2: Ball
2-2: Fly out, F9 (Flyball, 9)
Batting: RHB Chris Marshall 0-0: Ball
1-0: Foul Ball, location: 2F
1-1: Ball
2-1: Ball
3-1: Swinging Strike
3-2: Fly out, F7 (Flyball, 78S)
Top of the 7th over - 0 runs, 0 hits, 0 errors, 1 left on base; Michigan State 2 - Texas Tech 8
BOTTOM OF THE 7TH
Texas Tech Red Raiders batting - Pitching for Michigan State Spartans : RHP Brian White
Batting: RHB Aaron Adams 0-0: Ball
1-0: Called Strike
1-1: Foul Ball, location: 2F
1-2: Strikes out looking
Batting: RHB Lorenzo Hernández 0-0: Called Strike
0-1: Ball
1-1: Ball
2-1: Ball
3-1: SINGLE (Groundball, 56D)
Batting: LHB Kevin Hatcher 0-0: Ball
1-0: Called Strike
1-1: Ball
2-1: Ball
3-1: Fielders Choice at 2nd, 4-6 (Groundball, 4)
Batting: RHB Wayne Hanson 0-0: Ball
1-0: Foul Ball, location: 2F
1-1: Ball
2-1: Fly out, F9 (Flyball, 9LS)
Bottom of the 7th over - 0 runs, 1 hit, 0 errors, 1 left on base; Michigan State 2 - Texas Tech 8
TOP OF THE 8TH
Michigan State Spartans batting - Pitching for Texas Tech Red Raiders : RHP Jon Carlisle
Batting: LHB Chris Gibson 0-0: Ball
1-0: Called Strike
1-1: Foul Ball, location: 2F
1-2: Ball
2-2: SINGLE (Flyball, 7)
Batting: LHB Norberto Garza 0-0: Called Strike
0-1: Fly out, F9 (Flyball, 9S)
Batting: LHB Carlos Anaya 0-0: Called Strike
0-1: Called Strike
0-2: Foul Ball, location: 2F
0-2: Ball
1-2: Foul Ball, location: 2F
1-2: Reached on error, E6 (Groundball, 6)
Chris Gibson to second
Batting: RHB Bob Watson 0-0: Called Strike
0-1: Swinging Strike
0-2: Ball
1-2: Strikes out swinging
Batting: LHB Larry Estes 0-0: Called Strike
0-1: Ball
1-1: Foul Ball, location: 2F
1-2: Foul Ball, location: 2F
1-2: DOUBLE (Flyball, 7LD)
Chris Gibson scores
Carlos Anaya to third
Runner from 3rd tries for Home, SAFE, no throw
Batting: RHB Walt Owens 0-0: Ball
1-0: Called Strike
1-1: Fly out, F7 (Flyball, 7)
Top of the 8th over - 2 runs, 2 hits, 1 error, 1 left on base; Michigan State 4 - Texas Tech 8
BOTTOM OF THE 8TH
Texas Tech Red Raiders batting - Pitching for Michigan State Spartans : RHP Brian White
Pitching: RHP Eric Wallace
Batting: LHB Marshall Dunn 0-0: SINGLE (Line Drive, 4D)
Batting: RHB Bobby Santiago 0-0: Fly out, F2 (Popup, 23F)
Batting: RHB Júlio Gómez 0-0: Ball
1-0: Ball
2-0: Ball
3-0: Base on Balls
Marshall Dunn to second
Batting: SHB Manuel Hernández 0-0: Ball
1-0: Ball
2-0: Ball
3-0: Base on Balls
Marshall Dunn to third
Júlio Gómez to second
Batting: RHB Bob Hyde 0-0: Called Strike
0-1: Ball
1-1: Ball
2-1: Foul Ball, location: 2F
2-2: Ball
3-2: Strikes out looking
Batting: RHB Aaron Adams 0-0: Ball
1-0: Foul Ball, location: 2F
1-1: Ground out 1-3 (Groundball, 15)
Bottom of the 8th over - 0 runs, 1 hit, 0 errors, 3 left on base; Michigan State 4 - Texas Tech 8
TOP OF THE 9TH
Michigan State Spartans batting - Pitching for Texas Tech Red Raiders : RHP Jon Carlisle
Pitching: RHP Arnie Zapata
Batting: SHB John Cunningham 0-0: Ball
1-0: SOLO HOME RUN (Flyball, 7D), Distance : 350 ft
Batting: LHB Culley Knapp 0-0: Ball
1-0: Called Strike
1-1: Called Strike
1-2: Fly out, F3 (Popup, 3SF)
Batting: RHB Chris Marshall 0-0: Ball
1-0: Called Strike
1-1: Called Strike
1-2: Strikes out swinging
Batting: LHB Chris Gibson 0-0: Called Strike
0-1: Called Strike
0-2: Ball
1-2: Ball
2-2: SOLO HOME RUN (Flyball, 9D), Distance : 346 ft
Batting: LHB Norberto Garza 0-0: Foul Ball, location: 2F
0-1: Called Strike
0-2: Ball
1-2: Fly out, F7 (Flyball, 7S)
Top of the 9th over - 2 runs, 2 hits, 0 errors, 0 left on base; Michigan State 6 - Texas Tech 8
Saturday, December 16th, 2017 - OOTP Baseball 18.8 Build 76